 Dungeon Crawl Stone Soup version 0.18-a0-1800-gdc7a371 (webtiles) character file.

43952 Chiseanne the Nimble (level 13, -2/133 HPs)
             Began as a Troll Monk on Apr 24, 2016.
             Was a Priest of the Shining One.
             Slain by a jumping spider (9 damage)
             ... summoned by a deep elf mage
             ... on level 14 of the Dungeon.
             The game lasted 00:57:47 (16572 turns).

Chiseanne the Nimble (Troll Monk)                  Turns: 16572, Time: 00:57:48

Health: -2/133     AC:  8    Str: 27    XL:     13   Next: 93%
Magic:  0/19       EV:  9    Int: 12    God:    the Shining One [***...]
Gold:   928        SH:  0    Dex: 16    Spells: 2 memorised, 8 levels left

rFire  + . .     SeeInvis .     a - +2 battleaxe (elec)
rCold  + + .     Gourm    +     H - +2 robe {rC+ rF+}
rNeg   + . .     Faith    .     (shield currently unavailable)
rPois  .         Spirit   +     S - +2 hat
rElec  .         Dismiss  .     g - +2 cloak
rCorr  .         Reflect  .     (gloves unavailable)
SustAt .         Harm     .     (boots unavailable)
MR     .....                    D - amulet of the Coward {Spirit +Inv Int+6}
Stlth  +.........               o - ring of protection from cold
                                j - +5 ring of strength

@: divine shield, corroded, very slightly contaminated, held, glowing, drained,
not resistant to hostile enchantments, very unstealthy
A: unfitting armour, claws 3, fast metabolism 3, gourmand, regeneration 2,
shaggy fur 1, tough skin 2
a: Divine Shield, Renounce Religion, Evoke Invisibility


You were on level 14 of the Dungeon.
You worshipped the Shining One.
The Shining One was most pleased with you.
You were completely stuffed.

You visited 3 branches of the dungeon, and saw 17 of its levels.
You also visited: Ice Cave.

You collected 1565 gold pieces.
You spent 637 gold pieces at shops.

Inventory:

Hand Weapons
 a - a +2 battleaxe of electrocution (weapon)
 e - a +2 longbow of freezing
 r - a +0 flail of protection
 s - a +3 giant spiked club of electrocution
 K - a +2 flail of freezing
Missiles
 d - 295 stones
 f - 122 sling bullets
 i - 82 bolts
 l - 318 arrows
 x - 4 throwing nets {!*}
 F - 6 tomahawks of returning
 M - 26 tomahawks (quivered)
 N - 10 large rocks
 T - 6 steel tomahawks
Armour
 g - a +2 cloak (worn)
 H - a +2 robe of resistance (worn)
 S - a +2 hat (worn)
Jewellery
 j - a +5 ring of strength (left claw)
 n - an uncursed amulet of guardian spirit {unknown}
 o - a ring of protection from cold (right claw)
 D - the amulet of the Coward (around neck) {Spirit +Inv Int+6}
   (You found it on level 6 of the Dungeon)

   [amulet of guardian spirit]

   It causes incoming damage to be split between your health and magic.
   It affects your intelligence (+6).
   It lets you turn invisible.
Wands
 C - a wand of enslavement (14/24)
 J - a wand of lightning (0/15)
 R - a wand of disintegration (0/24)
 U - a wand of hasting (2/9)
Scrolls
 B - 11 scrolls of remove curse
 G - 3 scrolls of teleportation
 O - a scroll of recharging
 P - a scroll of magic mapping
 Q - 3 scrolls of fear
 X - a scroll of fog
Potions
 c - 3 potions of curing
 k - a potion of brilliance
 m - 5 potions of flight
 q - 5 potions of cancellation
 A - a potion of heal wounds
 E - a potion of cure mutation
 L - a potion of magic
Books
 z - a book of Minor Magic

   Spells                             Type                      Level
   a - Magic Dart                     Conjuration                  1
   b - Blink                          Translocation                2
   c - Call Imp                       Summoning                    2
   d - Repel Missiles                 Charms/Air                   2
   e - Slow                           Hexes                        2
   f - Conjure Flame                  Conjuration/Fire             3
   g - Mephitic Cloud                 Conjuration/Poison/Air       3
 I - a book of the Warp

   Spells                             Type                      Level
   a - Recall                         Summoning/Translocation      3
   b - Gell's Gravitas                Hexes/Translocation          3
   c - Force Lance                    Conjuration/Translocation    4
   d - Warp Weapon                    Charms/Translocation         5
   e - Summon Forest                  Summoning/Translocation      5
Miscellaneous
 y - a phial of floods (inert)
Comestibles
 b - 15 bread rations
 h - 2 chunks of flesh
 p - 15 fruits
 t - 9 meat rations
 u - 2 slices of pizza
 v - 3 beef jerkies
 w - 4 royal jellies


   Skills:
 - Level 10.0(9.6) Fighting
 * Level 9.4(9.1) Throwing
 * Level 12.8(12.5) Dodging
 - Level 1.1(0.8) Stealth
 - Level 4.0(3.7) Unarmed Combat
 - Level 10.0(9.7) Invocations
 - Level 3.2(2.9) Evocations


You had 8 spell levels left.
You knew the following spells:

 Your Spells              Type           Power        Failure   Level  Hunger
a - Blink                 Tloc           N/A          52%         2    ###....
b - Repel Missiles        Chrm/Air       #.....       52%         2    ###....


Dungeon Overview and Level Annotations

Branches:
Dungeon (14/15)            Temple (1/1) D:4            Lair (0/8) D:10
    Orc (2/2) D:12            Elf (0/3) Orc:2        Vaults (0/5) D:14

Altars:
Ashenzari
Cheibriados
Dithmenos
Elyvilon
Fedhas
Gozag
Kikubaaqudgha
Makhleb
Nemelex Xobeh
Okawaru
Pakellas
Qazlal
Ru
Sif Muna
Trog
Vehumet
Xom
Yredelemnul
Zin
The Shining One
Beogh

Shops:
D:10 }   D:14 [   Orc:2 :?([

Annotations:
D:7 exclusion: downstairs


Innate Abilities, Weirdness & Mutations

You are too large for most types of armour.
You have claws for hands.
Your metabolism is lightning-fast.
You like to eat raw meat.
You heal very quickly.
You are covered in fur (AC +1).
You have very tough skin (AC +2).


Message History

You barely miss the deep elf mage.
The deep elf mage is heavily wounded.
The hellwing blocks your attack.
The hellwing is severely wounded.
The hellwing hits you!
* * * LOW HITPOINT WARNING * * *
You block the hellwing's attack. You block the red devil's attack.
The jumping spider pounces on you.
* * * LOW HITPOINT WARNING * * *
You are caught in a web!
The jumping spider bites you.
* * * LOW HITPOINT WARNING * * *
The deep elf mage barely misses you. The hellwing hits you!
* * * LOW HITPOINT WARNING * * *
The hellwing hits you but does no damage.
The rust devil hits you!
* * * LOW HITPOINT WARNING * * *
The rust devil corrodes you!
The red devil hits you but does no damage.
The jumping spider pounces on you!
You die...

##.# #..#....# ...#
#..#....# .. ##.#
#..#....# ... #.#
#..#....#####...
#.#######..###..........
##.†..........'.......<..
.#......<.....#..........
÷##..##.#######..s.......
.##..##.##.....§@4.......
.#.......#......4e.......
.#.......#........4......
.#.......#...............
.#.......#...............
.##..##. #...............
.##### #...............
.....# ....######'#....
.....#


You could see a hellwing, a rust devil, a deep elf mage, a jumping spider and a
red devil.

Vanquished Creatures
  Gastronok (D:11)
  Maud (D:12)
  The ghost of Chiseanne the Exorcist, a journeyman TrMo of the Shining One (D:12)
  4 vault guards (D:14)
  Josephine (Orc:2)
  2 hydras
  A centaur warrior (D:13)
  3 ogre magi (Orc:2)
  Nergalle (Orc:2)
  3 unseen horrors
  4 hill giants
  2 orc knights (Orc:2)
  A wizard (D:14)
  7 orc sorcerers (Orc:2)
  5 ugly things
  2 manticores
  2 cyclopes (D:14)
  An elephant (D:10)
  A gargoyle (D:9)
  A merfolk (D:10)
  A queen bee (shapeshifter) (D:14)
  The ghost of Kilingo the Shooter, an amateur MiHu (D:4)
  2 trolls
  Prince Ribbit (D:9)
  Grinder (D:3)
  A harpy skeleton (D:11)
  3 slime creatures
  2 shadows
  21 yaks
  6 wraiths
  3 wyverns
  Grum (D:9)
  2 hippogriffs
  2 hungry ghosts
  3 wargs
  3 mottled dragons
  Edmund (D:5)
  A soldier ant (D:12)
  Duvessa (D:7)
  22 orc warriors
  5 sky beasts
  A black bear (D:9)
  12 ice beasts
  A necrophage (D:12)
  An eye of draining (D:12)
  16 ogres
  A crocodile (D:10)
  3 wolves (D:9)
  8 centaurs
  A big kobold (D:12)
  9 giant frogs
  Dowan (D:7)
  A water moccasin zombie (D:9)
  2 wyvern skeletons
  2 scorpions
  10 killer bees
  4 wights (D:8)
  5 howler monkeys
  4 crimson imps
  6 hounds
  2 quasits
  13 orc priests
  A giant frog zombie (D:11)
  33 orc wizards
  2 giant frog skeletons
  5 centaur skeletons
  3 jellies
  3 iguanas
  Jessica (D:3)
  Ijyb (D:3)
  7 worker ants
  A sheep (D:10)
  A hound zombie (D:5)
  A hound skeleton (D:4)
  Robin (D:2)
  11 gnolls
  2 worker ant zombies (D:8)
  7 adders
  2 shadow imps
  An ooze (D:4)
  2 adder skeletons (D:4)
  A worm (D:2)
  2 dart slugs (D:1)
  5 giant geckos
  80 orcs
  3 giant cockroaches
  8 hobgoblins
  11 jackals
  6 quokkas
  3 ball pythons
  3 bats
  7 giant newts
  13 goblins
  8 kobolds
  5 rats
  A plant (D:10)
471 creatures vanquished.

Vanquished Creatures (collateral kills)
  A hydra (D:11)
  A yak (D:10)
  A worker ant (D:8)
  2 orcs (D:8)
5 creatures vanquished.

Vanquished Creatures (others)
  An orc wizard (D:8)
  An orc (Orc:2)
2 creatures vanquished.

Grand Total: 478 creatures vanquished

Notes
Turn   | Place    | Note
--------------------------------------------------------------
     0 | D:1      | Chiseanne the Troll Monk began the quest for the Orb.
     0 | D:1      | Reached XP level 1. HP: 22/22 MP: 0/0
    84 | D:1      | Reached XP level 2. HP: 9/29 MP: 1/1
   931 | D:2      | Found a sacrificial altar of Ru.
   961 | D:2      | Noticed Robin
   977 | D:2      | Reached skill level 3 in Dodging
   977 | D:2      | Reached XP level 3. HP: 22/37 MP: 2/2
   989 | D:2      | Reached XP level 4. HP: 34/45 MP: 3/3
  1751 | D:3      | Noticed Ijyb
  1758 | D:3      | Killed Ijyb
  2021 | D:3      | Noticed Jessica
  2047 | D:3      | Killed Jessica
  2047 | D:3      | Reached XP level 5. HP: 40/54 MP: 4/4
  2197 | D:3      | Noticed Grinder
  2219 | D:3      | HP: 1/54 [Grinder/nerve-wracking pain (13)]
  2237 | D:3      | Killed Grinder
  2237 | D:3      | Reached skill level 4 in Dodging
  2237 | D:3      | Reached XP level 6. HP: 32/63 MP: 5/5
  2466 | D:2      | Killed Robin
  3106 | D:4      | Reached skill level 5 in Fighting
  3106 | D:4      | Reached skill level 5 in Dodging
  3106 | D:4      | Reached XP level 7. HP: 55/72 MP: 6/6
  3470 | D:4      | Noticed Kilingo's ghost (amateur MiHu)
  3481 | D:4      | Killed Kilingo's ghost
  3482 | D:4      | Found a staircase to the Ecumenical Temple.
  3536 | Temple   | Entered the Ecumenical Temple
  3769 | D:5      | Entered Level 5 of the Dungeon
  3808 | D:5      | Reached XP level 8. HP: 72/83 MP: 7/7
  3867 | D:5      | Found a sparkling altar of Nemelex Xobeh.
  3892 | D:5      | Noticed Edmund
  3895 | D:5      | Reached skill level 6 in Dodging
  3930 | D:5      | Found a glowing golden altar of the Shining One.
  3933 | D:5      | Became a worshipper of the Shining One
  3933 | D:5      | Reached * piety under the Shining One
  3933 | D:5      | Reached ** piety under the Shining One
  3976 | D:5      | Killed Edmund
  3976 | D:5      | Reached skill level 1 in Invocations
  4114 | D:5      | Found a burning altar of Makhleb.
  4308 | D:6      | Got a clouded sapphire amulet
  4351 | D:6      | Identified the amulet of the Coward {Spirit +Inv Int+6} (You found it on level 6 of the Dungeon)
  4438 | D:6      | Learned a level 2 spell: Blink
  4498 | D:6      | Reached skill level 1 in Evocations
  4755 | D:6      | Found a basalt altar of Yredelemnul.
  5326 | D:7      | Found a blossoming altar of Fedhas.
  5326 | D:7      | Found a radiant altar of Vehumet.
  5372 | D:7      | Reached XP level 9. HP: 91/91 MP: 11/11
  5393 | D:7      | Noticed Dowan
  5444 | D:7      | Noticed Duvessa
  5449 | D:7      | Killed Duvessa
  5455 | D:7      | Killed Dowan
  5526 | D:7      | Found a bloodstained altar of Trog.
  5651 | D:7      | Noticed a cyclops
  6059 | D:8      | Noticed a manticore
  6060 | D:8      | Noticed an iron golem
  6060 | D:8      | Noticed an iron golem
  6060 | D:8      | Noticed an iron golem
  6060 | D:8      | Noticed an iron golem
  6313 | D:8      | Reached *** piety under the Shining One
  6500 | D:8      | Found an opulent altar of Gozag.
  6508 | D:8      | Reached skill level 7 in Dodging
  6761 | D:8      | Found a white marble altar of Elyvilon.
  6796 | D:8      | Found a shimmering altar of Xom.
  7272 | D:9      | Found a deep blue altar of Sif Muna.
  7333 | D:9      | Noticed a gargoyle
  7349 | D:9      | Killed a gargoyle
  7363 | D:9      | Reached skill level 8 in Dodging
  7381 | D:9      | Reached XP level 10. HP: 71/104 MP: 8/12
  8040 | D:9      | Noticed a hill giant
  8046 | D:9      | Killed a hill giant
  8285 | D:9      | Noticed Prince Ribbit
  8299 | D:9      | Killed Prince Ribbit
  8409 | D:9      | Reached skill level 9 in Dodging
  8447 | D:9      | Noticed Grum
  8462 | D:9      | Killed Grum
  8703 | D:10     | Entered Level 10 of the Dungeon
  8928 | D:10     | Found Suceecen's Gadget Boutique.
  8932 | D:10     | Bought a sack of spiders for 280 gold pieces
  8996 | D:10     | Noticed an elephant
  9029 | D:10     | Killed an elephant
  9034 | D:10     | Reached XP level 11. HP: 72/117 MP: 8/13
  9071 | D:10     | Found a staircase to the Lair.
  9152 | D:10     | Noticed an unseen horror
  9165 | D:10     | Killed an unseen horror
  9215 | D:10     | Got a warped mace
  9243 | D:10     | Identified the cursed +3 mace "Buesh" {crush, Int+3} (You found it on level 10 of the Dungeon)
  9250 | D:10     | Noticed a hill giant
  9251 | D:10     | a hill giant changed into a slime creature
  9306 | D:10     | Reached skill level 10 in Fighting
  9418 | D:10     | Reached skill level 10 in Dodging
  9637 | D:10     | Noticed a hill giant
  9639 | D:10     | Reached skill level 1 in Throwing
  9673 | D:10     | Killed a hill giant
  9989 | D:11     | Noticed a six-headed hydra
 10009 | D:11     | Killed a six-headed hydra
 10018 | D:11     | Found a frozen archway.
 10028 | IceCv    | Entered an ice cave
 10080 | IceCv    | Learned a level 2 spell: Repel Missiles
 10241 | D:11     | Reached **** piety under the Shining One
 10377 | D:11     | Gained mutation: You have sharp toenails. [potion of beneficial mutation]
 10465 | D:11     | Noticed Gastronok
 10492 | D:11     | Killed Gastronok
 11368 | D:12     | Noticed a cyan ugly thing
 11399 | D:11     | Noticed a brown ugly thing
 11416 | D:11     | Killed a purple ugly thing
 11427 | D:11     | Killed a brown ugly thing
 11474 | D:12     | Reached XP level 12. HP: 52/126 MP: 6/16
 11570 | D:12     | Noticed Chiseanne's ghost (journeyman TrMo)
 11764 | D:12     | Killed Chiseanne's ghost
 12361 | D:12     | Found a sacrificial altar of Ru.
 12395 | D:12     | Noticed Maud
 12415 | D:12     | Killed Maud
 12464 | D:12     | Found a staircase to the Orcish Mines.
 12663 | Orc:1    | Entered Level 1 of the Orcish Mines
 12668 | Orc:1    | Reached skill level 10 in Invocations
 13092 | Orc:2    | Entered Level 2 of the Orcish Mines
 13092 | Orc:2    | Noticed Josephine
 13112 | Orc:2    | Killed Josephine
 13208 | Orc:2    | Found a roughly hewn altar of Beogh.
 13211 | Orc:2    | Reached skill level 11 in Dodging
 13219 | Orc:2    | Reached skill level 5 in Throwing
 13643 | Orc:2    | Found a staircase to the Elven Halls.
 13735 | Orc:2    | Noticed an ogre mage
 13742 | Orc:2    | Killed an ogre mage
 13747 | Orc:2    | Found Minwelav's Magic Scroll Shop.
 13784 | Orc:2    | Bought a scroll of identify for 28 gold pieces
 13784 | Orc:2    | Bought a scroll of identify for 28 gold pieces
 13784 | Orc:2    | Bought a scroll of enchant weapon for 105 gold pieces
 13784 | Orc:2    | Bought a scroll of identify for 28 gold pieces
 13784 | Orc:2    | Bought a scroll of fear for 49 gold pieces
 13784 | Orc:2    | Bought a scroll of fear for 49 gold pieces
 13784 | Orc:2    | Bought a scroll of teleportation for 42 gold pieces
 13784 | Orc:2    | Bought a scroll of fog for 28 gold pieces
 13819 | Orc:2    | Reached XP level 13. HP: 127/133 MP: 17/19
 13866 | Orc:2    | Found a radiant altar of Vehumet.
 13891 | Orc:2    | Found Taocrubb's Antique Weapon Shop.
 13900 | Orc:2    | Noticed Nergalle
 13909 | Orc:2    | Killed Nergalle
 13938 | Orc:2    | Found an ancient bone altar of Kikubaaqudgha.
 13980 | Orc:2    | Found a roughly hewn altar of Beogh.
 13980 | Orc:2    | Found Adio's Book Boutique.
 13984 | Orc:2    | Found Diehi's Antique Armour Shop.
 14653 | D:13     | Reached skill level 12 in Dodging
 14716 | D:13     | Lost mutation: You have sharp toenails. [potion of cure mutation]
 15504 | D:14     | Found Canujo's Armour Boutique.
 15647 | D:14     | Noticed a vault guard
 15658 | D:14     | Killed a vault guard
 15717 | D:14     | Found a gate to the Vaults.
 15740 | D:14     | Noticed a vault guard
 15742 | D:14     | Noticed a vault guard
 15807 | D:14     | Killed a vault guard
 16103 | D:14     | Noticed a vault guard
 16128 | D:14     | Noticed a vault guard
 16282 | D:14     | Killed a vault guard
 16566 | D:14     | Killed a vault guard
 16572 | D:14     | Slain by a jumping spider

Vault maps used:
D:1:      scummos_arrival_simple_crosswalls
D:2:      grunt_ministairs_13, nicolae_ru_sacrificial_ziggurat, uniq_robin
D:3:      first_bread, uniq_iyjb, uniq_jessica, uniq_grinder
D:4:      minmay_temple_entry_nine_rooms
D:5:      kennysheep_mini, kennysheep_little_box,
          nemelex_xobeh_ov_fountains_minmay, uniq_edmund
D:6:      lemuel_doored_altar
D:7:      overflow_temple_1_default, gammafunk_temple_overflow_wave,
          uniq_duvessa
D:8:      cheibrodos_stairvault_heist, elyvilon_altar_4,
          nicolae_gozag_seed_capital, xom_butterflies
D:9:      overflow_temple_1_default, uniq_prince_ribbit1, uniq_grum
D:10:     david_lair_generic, serial_shops,
          nicolae_shop_temple_entry_statues_fountains, hangedman_fish_farm
D:11:     portal_ice_cave_entry_pillars_02, dk_vineyard_2, uniq_gastronok
D:12:     david_orc_3, basic_altar, uniq_maud
D:14:     erik_vaults_2, serial_shops, shop, minmay_misc_feat_columns
Temple:   minmay_temple_bridge_a_8
Orc:2:    kennysheep_orc_mage_school, basic_altar, uniq_josephine
IceCv:    ice_cave_statue_garden_01

Skill      XL: |  1  2  3  4  5  6  7  8  9 10 11 12 13 |
---------------+----------------------------------------+-----
Fighting       | 3 4 5 6 8 9 10 | 10.0
Dodging        | 3 4 5 6 8 9 10 11 12 | 12.8
Invocations    | 4 7 10 | 10.0
Evocations     | 3 |  3.2
Throwing       | 3 6 9 |  9.4
Stealth        | |  1.1
Unarmed Combat | |  4.0

Action                   |  1- 3 |  4- 6 |  7- 9 | 10-12 | 13-15 || total
-------------------------+-------+-------+-------+-------+-------++-------
Melee: Unarmed           |    71 |   135 |   348 |   655 |       ||  1209
       Punch             |       |     3 |     8 |    18 |       ||    29
       Kick              |       |       |       |   190 |    18 ||   208
       Battleaxe         |       |       |       |   112 |   208 ||   320
       Giant spiked club |       |       |       |       |     9 ||     9
Throw: Tomahawk          |       |     2 |     4 |    26 |     4 ||    36
       Stone             |       |       |     1 |       |       ||     1
Invok: Divine Shield     |       |       |     2 |    20 |     9 ||    31
       Cleansing Flame   |       |       |       |     1 |     2 ||     3
Evoke: Wand              |       |       |     9 |    22 |    11 ||    42
       Sack of spiders   |       |       |       |    10 |       ||    10
       Phial of floods   |       |       |       |       |     1 ||     1
  Use: Scroll            |     2 |     3 |    13 |    13 |     7 ||    38
       Potion            |     1 |     2 |     1 |    10 |     5 ||    19
 Stab: Sleeping          |       |       |     2 |       |       ||     2
  Eat: Chunk             |    12 |    19 |    42 |    66 |    29 ||   168
Armor: Robe              |    13 |    44 |   101 |   143 |   100 ||   401
Dodge: Dodged            |    28 |    72 |   257 |   508 |   249 ||  1114
Block: Other             |       |       |     5 |   121 |    59 ||   185
